 Dungeon Crawl Stone Soup version 0.32-a0-685-g93135e86f0 (webtiles) character file.

Game seed: 10776656387344401224

3978 Sabo the Cudgeller (level 10, -9/76 HPs)
             Began as a Coglin Artificer on Mar 11, 2024.
             Was a Follower of Makhleb.
             Mangled by a boulder beetle (33 damage)
             ... on level 8 of the Dungeon on Mar 12, 2024.
             The game lasted 01:05:17 (8944 turns).

Sabo the Cudgeller (Coglin Artificer)               Turns: 8944, Time: 01:05:17

Health: -9/76      AC: 16    Str: 17    XL:     10   Next: 22%
Magic:  10/10      EV: 12    Int: 11    God:    Makhleb [*.....]
Gold:   297        SH:  0    Dex: 16    Spells: 9/9 levels left

rFire   . . .        n - +5 hand axe (venom) {Kyoko}
rCold   . . .        m - +1 flail of Sabo's Destruction {vamp, rN+ Dex+2}
rNeg    + + .        w - +1 ring mail {rN+}
rPois   .            i - +2 helmet
rElec   .            (no cloak)
rCorr   .            v - +2 pair of gloves
SInv    .            y - +1 pair of boots
Will    .....        (amulet unavailable)
Stlth   +            (ring unavailable)
HPRegen 0.32/turn    (ring unavailable)
MPRegen 0.12/turn    (no gizmo)

%: clarity
@: revving
A: off-hand wielding, slow wielding, warmup strikes, no jewellery, clarity
a: Invent Gizmo, Renounce Religion


You were on level 8 of the Dungeon.
You worshipped Makhleb.
Makhleb was aware of your devotion.
You visited 2 branches of the dungeon, and saw 9 of its levels.

You collected 493 gold pieces.
You spent 196 gold pieces at shops.

Inventory:

Hand Weapons
 m - the +1 flail of Sabo's Destruction (offhand) {vamp, rN+ Dex+2}
   (You found it on level 2 of the Dungeon)

   Dex+2:     It affects your dexterity (+2).
   rN+:       It protects you from negative energy.
 n - a +5 hand axe of venom (weapon) {Kyoko}
 r - a +3 trident of draining
 s - a +3 long sword
 x - a +2 antimagic halberd
 z - a +5 battleaxe
Missiles
 h - a curare-tipped dart
 u - 8 poisoned darts
Armour
 i - a +2 helmet (worn)
 v - a +2 pair of gloves (worn)
 w - a +1 ring mail of positive energy (worn)
 y - a +1 pair of boots (worn)
 C - an orb of energy
Wands
 c - a wand of flame (12) (quivered)
 d - a wand of charming (35)
 e - a wand of iceblast (1)
 g - a wand of mindburst (4)
 k - a wand of warping (5)
Scrolls
 j - 5 scrolls of teleportation
 l - 2 scrolls of fear
 B - a scroll of fog {unknown}
Potions
 a - a potion of curing {unknown}
 b - 2 potions of mutation
 f - a potion of brilliance {unknown}
 o - a potion of magic {unknown}
 p - a potion of ambrosia
 q - a potion of haste
 t - a potion of might
 A - 2 potions of lignification {unknown}
 D - a potion of degeneration {unknown}


   Skills:
 + Level 5.6 Fighting
 + Level 6.6(8.2) Axes
 + Level 6.7(7.8) Maces & Flails
 + Level 6.3 Armour
 + Level 3.6 Dodging
 + Level 1.8 Stealth
 + Level 5.8 Evocations


You had 9 spell levels left.
You didn't know any spells.
Your spell library contained the following spells:

 Spells                   Type           Power      Damage    Failure   Level
 Static Discharge         Conj/Air       0%         3-3/arc   65%         2
 Call Canine Familiar     Summ           0%         N/A       87%         3
 Sigil of Binding         Hex            0%         N/A       87%         3
 Airstrike                Air            0%         2d(0-16)  99%         4
 Dimensional Bullseye     Hex/Tloc       0%         N/A       99%         4
 Summon Lightning Spire   Summ/Air       0%         N/A       99%         4


Dungeon Overview and Level Annotations

Branches:
Dungeon (8/15)             Temple (1/1) D:5
   Lair: D:8-11

Altars:
Ashenzari
Cheibriados
Dithmenos
Fedhas
Gozag
Hepliaklqana
Makhleb
Nemelex Xobeh
Okawaru
Ru
Sif Muna
Uskayaw
Vehumet
Xom
Yredelemnul
Zin
The Shining One

Shops:
D:7 =   D:8 *

Annotations:
D:8 Maggie


Innate Abilities, Weirdness & Mutations

You can wield a second weapon in your off-hand.
It takes a long time for you to wield or remove held weapons.
Your first few attacks do less damage.
You cannot equip rings or amulets.
You possess an exceptional clarity of mind.


Message History

The kobold brigand is moderately wounded.
You closely miss the kobold brigand with the +1 flail of Sabo's Destruction.
You feel sick. The kobold brigand barely misses you.
The boulder beetle hits you!!
The boulder beetle stops rolling and uncurls.
The kobold brigand hits you but does no damage.
You hit the boulder beetle with your +5 hand axe of venom.
The boulder beetle is poisoned.
The boulder beetle is lightly wounded.
You slash the kobold brigand with your +5 hand axe of venom!
You hit the boulder beetle but do no damage.
You feel sick.
You are no longer poisoned.
The kobold brigand misses you.
The boulder beetle leaps!
The kobold brigand hits you but does no damage.
The boulder beetle leaps!
You hit the kobold brigand but do no damage.
The kobold brigand looks as sick as possible!
The kobold brigand is severely wounded.
You closely miss the kobold brigand with the +1 flail of Sabo's Destruction.
The kobold brigand closely misses you. x2
You barely miss the kobold brigand with your +5 hand axe of venom.
The kobold brigand is almost dead.
You closely miss the kobold brigand with the +1 flail of Sabo's Destruction.
The kobold brigand closely misses you.
You closely miss the kobold brigand with your +5 hand axe of venom.
The kobold brigand is almost dead.
You sock the kobold brigand with the +1 flail of Sabo's Destruction!
You feel better.
You kill the kobold brigand!
Makhleb accepts your kill.
The boulder beetle leaps!
Items here: $ ( ) †.
You feel yourself speed up.
The boulder beetle curls into a ball and begins rolling!
The boulder beetle hits you!
The boulder beetle stops rolling and uncurls.
The boulder beetle curls into a ball and begins rolling!
The boulder beetle hits you!!
You die...

##............###...........#
....#.....#######..ß........#
#..........#####............#
#.#.........................
#...........#####.##########
............# #..#
.#.........## #.##
.##...#[..## #.# .....######
###@# .....# ######.B.#
.....# #.....○### .....#
#....$.# .....# #......#
.....# #........ .....#
#........# .....# #....###.#
.....# #.... ..


You could see a boulder beetle (rolling, poisoned).

Vanquished Creatures
  Pikel (D:5)
  Jeremiah (D:6)
  A hornet (D:7)
  Sigmund (D:5)
  A steam dragon (D:8)
  A water moccasin (D:5)
  A hornet zombie (D:8)
  An orc warrior (D:8)
  An ice beast (D:8)
  A sky beast (D:7)
  4 black bears
  3 phantoms
  2 kobold brigands
  A weeping skull (D:8)
  2 scorpions
  7 wights
  A killer bee (D:8)
  A howler monkey (D:6)
  4 centaur zombies (D:8)
  4 bombardier beetles
  2 hounds
  7 jellies
  An orc priest (D:4)
  2 sleepcaps (D:4)
  4 iguanas
  2 orc wizards (D:4)
  A howler monkey zombie (D:8)
  3 gnolls
  7 adders
  A shadow imp (D:7)
  2 white imps
  6 ufetubi
  2 dart slugs
  A ribbon worm (D:3)
  7 orcs
  6 endoplasms
  8 giant cockroaches
  10 goblins
  6 hobgoblins
  3 quokkas
  5 ball pythons
  2 bats (D:2)
  7 frilled lizards
  8 kobolds
  5 rats
  A spectral orc (D:8)
148 creatures vanquished.

Vanquished Creatures (others)
  An orc (D:8)
  2 kobolds (D:8)
3 creatures vanquished.

Grand Total: 151 creatures vanquished

Notes
Turn   | Place    | Note
-------+----------+-------------------------------------------
     0 | D:1      | Sabo the Coglin Artificer began the quest for the Orb.
     0 | D:1      | Reached XP level 1. HP: 15/15 MP: 1/1
    30 | D:1      | Reached skill level 1 in Dodging
    60 | D:1      | Reached XP level 2. HP: 21/21 MP: 2/2
   759 | D:2      | Reached XP level 3. HP: 22/26 MP: 3/3
   816 | D:2      | Identified the +1 flail of Sabo's Destruction {vamp, rN+
                  | Dex+2}
   891 | D:2      | Found a shimmering altar of Xom.
  1040 | D:2      | Reached skill level 5 in Evocations
  1234 | D:2      | Reached skill level 1 in Maces & Flails
  1410 | D:2      | Reached XP level 4. HP: 32/32 MP: 4/4
  2115 | D:3      | Found a sparkling altar of Nemelex Xobeh.
  2644 | D:4      | Reached XP level 5. HP: 34/37 MP: 5/5
  2824 | D:4      | Reached skill level 1 in Axes
  2922 | D:4      | Reached XP level 6. HP: 42/43 MP: 6/6
  3101 | D:4      | Identified the +0 sling of Zin's Approval {heavy, Int+3
                  | Stlth+}
  3232 | D:4      | Reached XP level 7. HP: 43/49 MP: 7/7
  3599 | D:5      | Entered Level 5 of the Dungeon
  3625 | D:5      | Noticed Sigmund
  3638 | D:5      | Killed Sigmund
  3710 | D:5      | Found a staircase to the Ecumenical Temple.
  3737 | Temple   | Entered the Ecumenical Temple
  3814 | Temple   | Upgraded the game from 0.32-a0-673-g3729bd50f8 to
                  | 0.32-a0-675-gdc239d62e1
  3826 | Temple   | Became a worshipper of Makhleb the Destroyer
  3871 | D:5      | Gained mutation: Your body sometimes deteriorates upon
                  | taking damage. [potion of mutation]
  3871 | D:5      | Gained mutation: You have supernaturally acute eyesight.
                  | (SInv) [potion of mutation]
  3871 | D:5      | Gained mutation: You are strong-willed. (Will+) [potion of
                  | mutation]
  3872 | D:5      | Lost mutation: You are strong-willed. (Will+) [potion of
                  | mutation]
  3872 | D:5      | Lost mutation: Your body sometimes deteriorates upon taking
                  | damage. [potion of mutation]
  3872 | D:5      | Lost mutation: You have supernaturally acute eyesight.
                  | (SInv) [potion of mutation]
  3872 | D:5      | Gained mutation: You are dopey. (Int -2) [potion of
                  | mutation]
  3873 | D:5      | Lost mutation: You are dopey. (Int -2) [potion of mutation]
  3873 | D:5      | Gained mutation: You possess an exceptional clarity of
                  | mind. [potion of mutation]
  3919 | D:5      | Noticed Pikel
  3940 | D:5      | Killed Pikel
  3941 | D:5      | Reached skill level 5 in Maces & Flails
  3941 | D:5      | Reached skill level 1 in Stealth
  3941 | D:5      | Reached XP level 8. HP: 12/58 MP: 8/8
  4547 | D:5      | Found a shimmering altar of Xom.
  4582 | D:5      | Found a shadowy altar of Dithmenos.
  5596 | D:6      | Found an iron altar of Okawaru.
  5791 | D:6      | Noticed Jeremiah
  5818 | D:6      | Killed Jeremiah
  5819 | D:6      | Reached skill level 5 in Axes
  5819 | D:6      | Reached XP level 9. HP: 65/65 MP: 9/9
  5870 | D:6      | Reached skill level 5 in Armour
  5908 | D:6      | Found a broken altar of Ashenzari.
  6793 | D:7      | Noticed a hornet
  6800 | D:7      | Killed a hornet
  6870 | D:7      | Found Yplaicetu's Jewellery Emporium.
  7230 | D:8      | Noticed Maggie
  7230 | D:8      | Found Looham's Assorted Antiques.
  7296 | D:7      | Upgraded the game from 0.32-a0-675-gdc239d62e1 to
                  | 0.32-a0-685-g93135e86f0
  8077 | D:8      | Bought a shiny ring mail for 196 gold pieces
  8108 | D:8      | Reached * piety under Makhleb
  8381 | D:8      | Reached skill level 5 in Fighting
  8402 | D:8      | Reached XP level 10. HP: 72/74 MP: 10/10
  8436 | D:8      | Found an opulent altar of Gozag.
  8834 | D:8      | Found a basalt altar of Yredelemnul.
  8930 | D:8      | Noticed a boulder beetle
  8944 | D:8      | Mangled by a boulder beetle

Illustrated notes

Levels and vault maps discovered:
D:1:      saegor_arrival_simple_d, layout_rooms
D:2:      layout_loops_corners, basic_altar, minmay_pentomino_pile
D:3:      layout_loops_cross, nemelex_spade_bored_becter
D:4:      minmay_general_purpose_star, layout_rooms, hellmonk_no_cap
D:5:      layout_layer_cave, nicolae_overflow_crystal_walls,
          mainiacjoe_overflow_alcove_2, minmay_temple_entry_offerings,
          uniq_sigmund, uniq_pikel
D:6:      layout_basic, nicolae_ashenzari_panopticon,
          hellmonk_okawaru_the_only_friend_you_need, minmay_tree_intersection,
          uniq_jeremiah
D:7:      layout_loops_ring, serial_shops, nicolae_shop_just_a_little_nook
D:8:      layout_rooms, grunt_gozag_statues,
          yredelemnul_forgotten_temple_becter, marbit_many_paths,
          nicolae_kikubaaqudgha_miasma_corner, serial_undead, serial_undead_e,
          serial_undead_d, serial_undead_e, serial_undead_f, serial_shops, shop,
          minmay_fractal_squares_5, uniq_maggie
Temple:   jpeg_temple_alley_garden

Skill      XL: |  1  2  3  4  5  6  7  8  9 |
---------------+----------------------------+-----
Dodging        | 1 2 3 |  3.6
Armour         | 2 3 4 6 |  6.3
Evocations     | 5 |  5.8
Maces & Flails | 1 2 3 4 5 6 |  6.7
Axes           | 1 4 5 6 |  6.6
Fighting       | 3 4 5 |  5.6
Stealth        | 1 |  1.8

Action                     |  1- 3 |  4- 6 |  7- 9 | 10-12 || total
---------------------------+-------+-------+-------+-------++-------
  Melee: Club              |     8 |       |       |       ||     8
         Dagger            |     8 |       |       |       ||     8
         Flail             |    74 |    81 |   161 |    40 ||   356
         War axe           |    13 |       |       |       ||    13
         Hand axe          |       |    80 |   156 |    38 ||   274
  Evoke: Wand              |     1 |       |    13 |       ||    14
    Use: Scroll            |     2 |     3 |    11 |       ||    16
         Potion            |       |       |     6 |       ||     6
   Stab: Sleeping          |       |       |       |     1 ||     1
 Armour: Leather armour    |    19 |       |       |       ||    19
         Ring mail         |    28 |       |    38 |    38 ||   104
         Scale mail        |       |    73 |   174 |       ||   247
  Dodge: Dodged            |    33 |    47 |   139 |    20 ||   239

Table legend: (Time is in decaauts)
 A = Elapsed time spent in this place.
 B = Non-inter-level travel time spent in this place.
 C = Inter-level travel time spent in this place.
 D = Time resting spent in this place.
 E = Time spent auto-exploring this place.
 F = Levels seen in this place.
 G = Mean time per level.
                   A        B        C        D        E       F      G
               +--------+--------+--------+--------+--------+-----+--------+
         Total |   8999 |   8999 |      0 |   1780 |      0 |   9 |  999.9 |
       Dungeon |   8873 |   8873 |      0 |   1780 |      0 |   8 | 1109.1 |
        Temple |    125 |    125 |      0 |      0 |      0 |   1 |  125.0 |
               +--------+--------+--------+--------+--------+-----+--------+

Top non-repeatable levels by time:
     D:5: 1836 daAuts
     D:7: 1615 daAuts
     D:2: 1169 daAuts
     D:4: 1106 daAuts
     D:6: 935 daAuts
     D:8: 845 daAuts
     D:1: 744 daAuts
     D:3: 620 daAuts
  Temple: 125 daAuts
